 Dungeon Crawl Stone Soup version 0.25-a0-403-g49d089a364 (webtiles) character file.

Game seed: 674239952375913148, levelgen mode: deterministic

7764 Luthien the Thaumaturge (level 11, -5/59 HPs)
             Began as a Deep Elf Conjurer on Jan 3, 2020.
             Was a Follower of Vehumet.
             Slain by a two-headed ogre
             ... wielding a cursed -2 giant club
              (28 damage)
             ... on level 9 of the Dungeon on Jan 9, 2020.
             The game lasted 00:55:02 (9937 turns).

Luthien the Thaumaturge (Deep Elf Conjurer)         Turns: 9937, Time: 00:55:02

Health: -5/59      AC:  7    Str:  5    XL:     11   Next: 1%
Magic:  14/30      EV: 15    Int: 24    God:    Vehumet [*.....]
Gold:   593        SH:  0    Dex: 15    Spells: 26/37 levels left

rFire    . . .     SeeInvis .   x - +2 hand axe (venom)
rCold    . . .     Gourm    .   (no shield)
rNeg     + . .     Faith    .   D - +3 leather armour {rN+}
rPois    .         Spirit   .   M - +0 helmet
rElec    .         Reflect  .   (no cloak)
rCorr    .         Harm     .   (no gloves)
MR       +....                  (no boots)
Stlth    +++.......             H - amulet of rage
HPRegen  0.19/turn              P - ring of wizardry
MPRegen  0.22/turn              (no ring)

@: lethally poisoned (-5 -> -6)
A: no striking features
a: Renounce Religion, Evoke Berserk Rage


You were on level 9 of the Dungeon.
You worshipped Vehumet.
Vehumet was aware of your devotion.
You were not hungry.

You visited 2 branches of the dungeon, and saw 11 of its levels.

You collected 593 gold pieces.

Inventory:

Hand Weapons
 l - a +0 long sword
 x - a +2 hand axe of venom (weapon)
 z - a +1 whip of holy wrath
Missiles
 e - 103 sling bullets (quivered)
 g - 215 stones
 r - 122 arrows
 t - 54 poisoned darts
 O - 8 silver javelins
Armour
 D - a +3 leather armour of positive energy (worn)
 M - a +0 helmet (worn)
 N - a +0 shield
Jewellery
 y - an uncursed ring of ice
 H - an amulet of rage (around neck)
 P - a ring of wizardry (left hand)
Wands
 i - a wand of digging (6)
 k - a wand of flame (8)
 B - a wand of random effects (40)
Scrolls
 b - 3 scrolls of remove curse
 d - 3 scrolls of amnesia
 f - a scroll of torment {unknown}
 h - 4 scrolls of fog
 j - 4 scrolls of identify
 n - 7 scrolls of teleportation
 q - a scroll of noise {unknown}
 s - 6 scrolls of fear
 u - 3 scrolls of enchant weapon {unknown}
 v - a scroll of blinking {unknown}
 w - 2 scrolls of enchant armour {unknown}
 E - a scroll of immolation {unknown}
 J - a scroll of magic mapping {unknown}
 L - a scroll of acquirement {unknown}
Potions
 m - 2 potions of lignification
 o - a potion of heal wounds
 p - 7 potions of curing
 C - a potion of berserk rage
 K - a potion of mutation
Miscellaneous
 a - a phantom mirror
Comestibles
 c - 12 rations


   Skills:
 + Level 2.7 Fighting
 + Level 6.4 Dodging
 - Level 5.0 Stealth
 - Level 13.6 Spellcasting
 + Level 12.7 Conjurations


You had 26 spell levels left.
You knew the following spells:

 Your Spells              Type           Power        Failure   Level  Hunger
a - Magic Dart            Conj           ####         1%          1    None
b - Searing Ray           Conj           ######       1%          2    None
i - Iskenderun's Mystic   Conj/Tloc      #####...     1%          4    None
p - Fulminant Prism       Conj/Hex       #####.....   1%          4    None

Your spell library contained the following spells:

 Spells                   Type           Power        Failure   Level  Hunger
 Foxfire                  Conj/Fire      ####         1%          1    None
 Dazzling Flash           Conj/Hex       #####.       1%          3    None
 Corona                   Hex            ###....      2%          1    None
 Slow                     Hex            ###.....     4%          2    None
 Iskenderun's Battlesphe  Conj/Chrm      #####...     4%          5    ###....
 Inner Flame              Hex/Fire       ###.....     8%          3    None
 Portal Projectile        Hex/Tloc       ###...       8%          3    None
 Bolt of Magma            Conj/Fire/Erth #####.....   12%         5    ###....
 Orb of Destruction       Conj           ######....   12%         7    ######.
 Cause Fear               Hex            ###.......   24%         4    None
 Leda's Liquefaction      Hex/Erth       ###.......   24%         4    None
 Iron Shot                Conj/Erth      #####.....   26%         6    #####..
 Spellforged Servitor     Conj/Summ      #####.....   80%         7    ######.


Dungeon Overview and Level Annotations

Branches:
Dungeon (10/15)            Temple (1/1) D:6
   Lair: D:8-11         Orc: D:9-12

Altars:
Ashenzari
Cheibriados
Dithmenos
Elyvilon
Fedhas
Gozag
Hepliaklqana
Kikubaaqudgha
Makhleb
Nemelex Xobeh
Okawaru
Qazlal
Ru
Sif Muna
Trog
Uskayaw
Vehumet
Wu Jian
Xom
Yredelemnul
Zin
The Shining One

Annotations:
D:5 1 runed translucent door, Crazy Yiuf
D:7 !hellwing, Pikel


Message History

Casting: Fulminant Prism (safe; 1% risk of failure)
Confirm with . or Enter, or press ? or * to list all spells.
Aiming: Fulminant Prism (safe; 1% risk of failure)
Press: ? - help, Dir - move target cursor You conjure a prism of explosive energy!
A fulminant prism comes into view.
You feel sick.
Your fulminant prism crackles loudly.
Your fulminant prism explodes!
The blast of energy engulfs the two-headed ogre!
The two-headed ogre is heavily wounded.
Casting: Fulminant Prism (safe; 1% risk of failure)
Confirm with . or Enter, or press ? or * to list all spells.
Aiming: Fulminant Prism (safe; 1% risk of failure)
Press: ? - help, Dir - move target cursor You conjure a prism of explosive energy!
A fulminant prism comes into view.
You feel sick.
The two-headed ogre hits you with a cursed -2 giant club!!
You die...

.......)........###............#.
.................##.##.........##
##..............##..##...........
#...............###.##...........
.....................#........#..
....................##..........#
..#.....................#......##
###....................##......#
##......#..>..@.##.....##...##
###.###....*.O..#...#.##....# #.#
#............##.......## ###
#......................#
####............#.....##
#......>..#####.....#
##.....#..## ####..# #....######
#### #....#


You could see a two-headed ogre and a friendly fulminant prism.

Vanquished Creatures
  A two-headed ogre (D:8)
  3 centaur skeletons (D:7)
  A troll (D:9)
  Grinder (D:6)
  Prince Ribbit (D:5)
  2 hippogriffs (D:9)
  3 yaks (D:9)
  Eustachio (D:5)
  Menkaure (D:5)
  2 orc warriors (D:6)
  A black bear (D:8)
  2 ice beasts
  A sky beast (D:4)
  4 ogres
  3 centaurs
  3 bullfrogs
  A wyvern skeleton (D:9)
  A water moccasin skeleton (D:6)
  5 scorpions
  8 killer bees
  An electric eel (D:6)
  A howler monkey (D:6)
  3 jellies
  6 centaur zombies
  3 crimson imps (D:5)
  3 hounds
  A bullfrog zombie (D:8)
  4 orc priests
  A bullfrog skeleton (D:5)
  6 orc wizards
  2 iguanas
  4 worker ants
  A hound skeleton (D:6)
  7 gnolls
  14 adders
  A howler monkey skeleton (D:5)
  4 shadow imps
  2 oozes
  2 worms
  3 dart slugs
  3 leopard geckos
  26 orcs
  5 giant cockroaches
  9 goblins
  5 hobgoblins
  10 jackals
  4 quokkas
  2 ball pythons (D:4)
  A ball python skeleton (D:4)
  3 bats
  4 frilled lizards
  2 jackal skeletons
  7 kobolds
  A quokka skeleton (D:4)
  A quokka zombie (D:8)
  4 rats
  A fulminant prism (D:5)
202 creatures vanquished.

Vanquished Creatures (others)
  63 fulminant prisms
63 creatures vanquished.

Grand Total: 265 creatures vanquished

Notes
Turn   | Place    | Note
-------+----------+-------------------------------------------
     0 | D:1      | Luthien the Deep Elf Conjurer began the quest for the Orb.
     0 | D:1      | Reached XP level 1. HP: 10/10 MP: 6/6
   151 | D:1      | Reached XP level 2. HP: 15/15 MP: 4/8
   317 | D:1      | Learned a level 2 spell: Searing Ray
   959 | D:2      | Reached XP level 3. HP: 19/19 MP: 8/10
  1602 | D:2      | Found an ornate altar of the Wu Jian Council.
  1602 | D:2      | Found a shadowy altar of Dithmenos.
  1709 | D:3      | Reached XP level 4. HP: 24/24 MP: 5/11
  1715 | D:3      | Learned a level 4 spell: Fulminant Prism
  1766 | D:3      | Reached skill level 4 in Spellcasting
  1943 | D:3      | Reached skill level 5 in Conjurations
  2268 | D:3      | Reached XP level 5. HP: 26/28 MP: 6/13
  2275 | D:3      | Learned a level 4 spell: Iskenderun's Mystic Blast
  2534 | D:3      | Found a faded altar of an unknown god.
  2885 | D:4      | Reached skill level 5 in Spellcasting
  2885 | D:4      | Reached XP level 6. HP: 32/32 MP: 9/15
  3613 | D:5      | Entered Level 5 of the Dungeon
  3635 | D:5      | Upgraded the game from 0.25-a0-356-g7c9d860b3b to
                  | 0.25-a0-366-g516bc45ae0
  3650 | D:5      | Found a sacrificial altar of Ru.
  3665 | D:5      | Reached skill level 5 in Stealth
  3900 | D:5      | Noticed Prince Ribbit
  3907 | D:5      | Noticed a sky beast
  3943 | D:4      | Killed a sky beast
  3943 | D:4      | Reached skill level 6 in Spellcasting
  3943 | D:4      | Reached XP level 7. HP: 4/36 MP: 2/18
  4199 | D:5      | Killed Prince Ribbit
  4199 | D:5      | Reached skill level 7 in Spellcasting
  4432 | D:5      | Noticed Eustachio
  4584 | D:5      | Noticed Menkaure
  4591 | D:5      | Upgraded the game from 0.25-a0-366-g516bc45ae0 to
                  | 0.25-a0-388-g41a7e554cb
  4591 | D:5      | Killed Menkaure
  4591 | D:5      | Reached skill level 8 in Spellcasting
  4591 | D:5      | Reached XP level 8. HP: 41/41 MP: 6/22
  4958 | D:5      | Killed Eustachio
  5055 | D:5      | Found a white marble altar of Elyvilon.
  5103 | D:5      | Found a runed translucent door.
  5104 | D:5      | Noticed Crazy Yiuf
  5426 | D:6      | Noticed Grinder
  5435 | D:6      | Reached skill level 9 in Spellcasting
  5435 | D:6      | Paralysed by Grinder for 6 turns
  5443 | D:6      | Killed Grinder
  5605 | D:6      | Upgraded the game from 0.25-a0-388-g41a7e554cb to
                  | 0.25-a0-403-g49d089a364
  5640 | D:6      | Found a bloodstained altar of Trog.
  5698 | D:6      | Reached skill level 10 in Spellcasting
  5925 | D:6      | Found a staircase to the Ecumenical Temple.
  6053 | D:6      | Reached XP level 9. HP: 45/45 MP: 20/25
  6600 | D:6      | Reached skill level 11 in Spellcasting
  6600 | D:6      | Reached skill level 10 in Conjurations
  6805 | Temple   | Entered the Ecumenical Temple
  6883 | Temple   | Became a worshipper of Vehumet
  7276 | D:7      | Noticed a hellwing
  7277 | D:7      | Noticed a hellwing
  7553 | D:7      | Reached skill level 12 in Spellcasting
  7814 | D:7      | Reached XP level 10. HP: 40/50 MP: 12/28
  7932 | D:7      | Found a shattered altar of Ashenzari.
  8001 | D:7      | Noticed Pikel
  8120 | D:7      | Reached skill level 13 in Spellcasting
  8224 | D:8      | Found an ancient bone altar of Kikubaaqudgha.
  8514 | D:8      | Found a blossoming altar of Fedhas.
  8526 | D:8      | Noticed a two-headed ogre
  8537 | D:8      | Killed a two-headed ogre
  9090 | D:9      | Reached skill level 1 in Fighting
  9090 | D:9      | Reached skill level 5 in Dodging
  9188 | D:9      | Reached * piety under Vehumet
  9188 | D:9      | Offered knowledge of Foxfire by Vehumet.
  9518 | D:9      | Found a hazy altar of Hepliaklqana.
  9518 | D:9      | Found a stormy altar of Qazlal.
  9857 | D:10     | Entered Level 10 of the Dungeon
  9879 | D:10     | Noticed a two-headed ogre
  9881 | D:10     | Reached XP level 11. HP: 55/59 MP: 14/30
  9937 | D:9      | Slain by a two-headed ogre

Levels and vault maps discovered:
D:1:      shiori_shiawase, layout_loops_ring
D:2:      layout_loops_ring, amethyst_overflow_temple_binary, minmay_tromino_i4
D:3:      layout_rooms, first_ration, chequers_ecumenical_altar_simple_redux,
          st_stairs_12, minmay_fractal_squares_gapless_5
D:4:      layout_loops_ring
D:5:      layout_basic, marbit_many_paths, elyvilon_altar_5, uniq_eustachio,
          uniq_crazy_yiuf_cottage, uniq_prince_ribbit1, uniq_menkaure
D:6:      minmay_thinvault, layout_loops_ring, bloody_trog,
          lemuel_temple_firewalk_a, kennysheep_potato, uniq_grinder
D:7:      cheibrodos_grave_circle, layout_cave_pools,
          cheibrodos_ashenzari_chains, uniq_pikel
D:8:      layout_basic, lemuel_round_altar, lemuel_crystal_altar
D:9:      layout_cave_pools, chequers_temple_overflow_statue_of_worship
D:10:     layout_rooms, lair_entry_dummy, gammafunk_ghost_spectres,
          grunt_pizzeria
Temple:   nicolae_temple_x_marks_the_god

Skill      XL: |  1  2  3  4  5  6  7  8  9 10 |
---------------+-------------------------------+-----
Stealth        | 3 4 5 |  5.0
Dodging        | 3 4 6 |  6.4
Spellcasting   | 4 5 6 8 10 12 13 | 13.6
Conjurations   | 5 6 7 9 11 12 | 12.7
Fighting       | 2 |  2.7

Action                   |  1- 3 |  4- 6 |  7- 9 | 10-12 || total
-------------------------+-------+-------+-------+-------++-------
Melee: Short sword       |     3 |       |       |       ||     3
       Hand axe          |       |       |     3 |     2 ||     5
 Cast: Magic Dart        |    49 |    53 |    56 |    31 ||   189
       Searing Ray       |     8 |    22 |    51 |    26 ||   107
       Fulminant Prism   |       |    10 |    30 |    26 ||    66
  Use: Scroll            |       |       |     1 |    10 ||    11
  Eat: Chunk             |     2 |     6 |    11 |     5 ||    24
       Ration            |       |     1 |     1 |       ||     2
Armor: Robe              |     1 |     1 |     7 |       ||     9
       Leather armour    |       |       |    13 |    12 ||    25
Dodge: Dodged            |     8 |     8 |    60 |    14 ||    90

Table legend:
 A = Non-vault XP
 B = Vault XP
 C = Vault XP percentage of total XP
 D = Non-vault monster count
 E = Vault monster count
 F = Vault count percentage of total count
                 A         B        C        D         E       F
            +---------+---------+-------+---------+---------+-------
      Total |    6249 |    4843 |  43.7 |     163 |      38 |  18.9
            +---------+---------+-------+---------+---------+-------
        D:1 |      38 |       0 |   0.0 |      17 |       0 |   0.0
        D:2 |      41 |       7 |  14.6 |      13 |       2 |  13.3
        D:3 |     273 |      15 |   5.2 |      24 |       7 |  22.6
        D:4 |     218 |       0 |   0.0 |      13 |       0 |   0.0
        D:5 |     591 |     633 |  51.7 |      24 |       4 |  14.3
        D:6 |     767 |    1021 |  57.1 |      20 |      15 |  42.9
        D:7 |      95 |    3167 |  97.1 |       4 |      10 |  71.4
        D:8 |    1593 |       0 |   0.0 |      19 |       0 |   0.0
        D:9 |    2250 |       0 |   0.0 |      23 |       0 |   0.0
       D:10 |     383 |       0 |   0.0 |       6 |       0 |   0.0
            +---------+---------+-------+---------+---------+-------
